 Dungeon Crawl Stone Soup version 0.19-a0-1899-g2d93087 (webtiles) character file.

410 Disciple the Cudgeler (level 6, 0/51 HPs)
             Began as a Draconian Monk on Oct 20, 2016.
             Was a Believer of Qazlal.
             Slain by a gnoll
             ... wielding a +0 halberd
              (8 damage)
             ... on level 2 of the Dungeon.
             The game lasted 00:07:12 (2867 turns).

Disciple the Cudgeler (Draconian Monk)              Turns: 2867, Time: 00:07:13

Health: 0/51       AC:  7    Str: 13    XL:     6   Next: 58%
Magic:  2/6        EV: 13    Int: 10    God:    Qazlal [**....]
Gold:   160        SH:  2    Dex: 16    Spells: 0 memorised, 5 levels left

rFire  . . .     SeeInvis .     a - +0 mace
rCold  . . .     Gourm    .     (armour unavailable)
rNeg   . . .     Faith    +     (no shield)
rPois  .         Spirit   .     (helmet restricted)
rElec  .         Reflect  .     (no cloak)
rCorr  .         Harm     .     h - +0 pair of gloves
MR     .....                    (no boots)
Stlth  ++........               n - amulet of faith
                                (no ring)
                                (no ring)

@: no status effects
A: unfitting armour, cold-blooded, AC +6
a: Upheaval, Renounce Religion


You were on level 2 of the Dungeon.
You worshipped Qazlal.
Qazlal was pleased with you.
You were not hungry.

You visited 1 branch of the dungeon, and saw 4 of its levels.

You collected 160 gold pieces.

Inventory:

Hand Weapons
 a - a +0 mace (weapon)
Armour
 h - a +0 pair of gloves (worn)
Jewellery
 n - an amulet of faith (around neck)
Scrolls
 c - 4 scrolls of identify {unknown}
 f - a scroll of remove curse {unknown}
 k - a scroll of enchant armour {unknown}
 m - a scroll of noise {unknown}
 o - a scroll of teleportation {unknown}
 s - 2 scrolls of fear {unknown}
Potions
 e - 2 potions of curing {unknown}
 g - 3 potions of magic {unknown}
 i - a potion of flight {unknown}
 l - a potion of degeneration {unknown}
 q - a potion of invisibility {unknown}
Comestibles
 b - 3 bread rations
 j - a meat ration
 p - a beef jerky
 r - 4 chunks of flesh


   Skills:
 - Level 3.2 Fighting
 + Level 7.5 Maces & Flails
 - Level 2.6 Dodging
 - Level 1.7 Stealth


You had 5 spell levels left.
You didn't know any spells.

Dungeon Overview and Level Annotations

Branches:
Dungeon (4/15)
 Temple: D:4-7

Altars:
Qazlal

Annotations:
D:4 Disciple's ghost, amateur DrMo


Innate Abilities, Weirdness & Mutations

Your plain brown scales are hard. (AC +6)
You cannot fit into any form of body armour.
You are cold-blooded and may be slowed by cold attacks.


Message History

The blast of ice hits the gnoll.
The gnoll is almost dead.
The gnoll is flash-frozen.
The gnoll hits you but does no damage. x2
The gnoll barely misses you. You block the gnoll's attack.
You thump the gnoll!
The gnoll is heavily wounded.
The gnoll closely misses you. x2; You block the gnoll's attack.
The gnoll hits you from afar with a spear.
You barely miss the gnoll.
The gnoll is heavily wounded.
The gnoll completely misses you. The gnoll barely misses you.
The gnoll closely misses you. x2
You sock the gnoll!
You kill the gnoll!
Qazlal accepts your kill.
The gnoll hits you from afar with a spear!
* * * LOW HITPOINT WARNING * * *
The gnoll hits you but does no damage. The gnoll hits you but does no damage.
The gnoll hits you with a halberd!
You die...

#..##.# ###### #..##.#
#..##.# #.....# # #
##.#### ## # #. ####.#####
##. ##.#.# #........# ##..
##.....####.##.#...####...
).....gg@.............'...
##...#.####.##.#...####...
#.. ... #.##.....# ##.. #
###. #........# ##. #.
######.### ## #. #.# # ..
#.####### ## #..<....#
#######.# #


You could see 2 gnolls.

Vanquished Creatures
  Sigmund (D:2)
  An ogre (D:4)
  A howler monkey (D:4)
  An orc wizard (D:4)
  A worker ant (D:4)
  A gnoll (D:2)
  2 adders
  2 worms
  A dart slug (D:1)
  A leopard gecko (D:2)
  2 orcs (D:3)
  A ball python (D:3)
  4 giant cockroaches
  7 goblins
  6 hobgoblins
  3 bats (D:3)
  5 frilled lizards
  7 kobolds
  A quokka skeleton (D:4)
  6 rats
54 creatures vanquished.

Notes
Turn   | Place    | Note
-------+----------+-------------------------------------------
     0 | D:1      | Disciple the Draconian Monk began the quest for the Orb.
     0 | D:1      | Reached XP level 1. HP: 19/19 MP: 1/1
   324 | D:1      | Reached XP level 2. HP: 26/26 MP: 2/2
   548 | D:1      | Reached skill level 4 in Maces & Flails
   796 | D:1      | Reached XP level 3. HP: 29/31 MP: 3/3
   988 | D:2      | Noticed Sigmund
  1071 | D:3      | Found a stormy altar of Qazlal.
  1077 | D:3      | Became a worshipper of Qazlal Stormbringer
  1077 | D:3      | Reached * piety under Qazlal
  1077 | D:3      | Reached ** piety under Qazlal
  1796 | D:4      | Reached skill level 5 in Maces & Flails
  1796 | D:4      | Reached XP level 4. HP: 21/38 MP: 4/4
  2013 | D:4      | Noticed an ogre
  2020 | D:4      | Killed an ogre
  2020 | D:4      | Reached XP level 5. HP: 27/45 MP: 5/5
  2143 | D:4      | Reached skill level 6 in Maces & Flails
  2423 | D:4      | Noticed Disciple's ghost (amateur DrMo)
  2605 | D:2      | Killed Sigmund
  2605 | D:2      | Reached skill level 7 in Maces & Flails
  2605 | D:2      | Reached XP level 6. HP: 50/51 MP: 6/6
  2867 | D:2      | Slain by a gnoll

Vault maps used:
D:1:      lemuel_arrival_rhombus, minmay_misc_feat_roman
D:2:      tgw_trog, zin_angel, uniq_sigmund
D:3:      first_bread, grunt_qazlal_clouds
D:4:      kennysheep_generic_room_6

Skill      XL: |  1  2  3  4  5 |
---------------+----------------+-----
Maces & Flails | 4 5 7 |  7.5
Fighting       | |  3.2
Dodging        | |  2.6
Stealth        | |  1.7

Action                   |  1- 3 |  4- 6 || total
-------------------------+-------+-------++-------
Melee: Mace              |   114 |    69 ||   183
       Tailslap          |    12 |     5 ||    17
Invok: Upheaval          |       |     1 ||     1
  Use: Potion            |       |     1 ||     1
 Stab: Sleeping          |     5 |       ||     5
  Eat: Chunk             |     2 |     4 ||     6
Armor: Skin              |    28 |    25 ||    53
Dodge: Dodged            |    87 |    49 ||   136
Block: Other             |     6 |     5 ||    11
